 Dungeon Crawl Stone Soup version 0.30-a0-627-gc11e7ae810 (webtiles) character file.

Game seed: 9936276058406409024

2695 Citaku the Protected (level 9, 0/79 HPs)
             Began as a Minotaur Fighter on Jan 12, 2023.
             Was an Initiate of Gozag.
             Slain by Erica
             ... wielding a +3 scimitar of flaming
              (8 damage)
             ... on level 8 of the Dungeon.
             The game lasted 00:13:24 (8113 turns).

Citaku the Protected (Minotaur Fighter)             Turns: 8113, Time: 00:13:24

Health: 0/79       AC: 19    Str: 24    XL:     9   Next: 38%
Magic:  8/8        EV: 12    Int:  5    God:    Gozag
Gold:   502        SH:  5    Dex: 11    Spells: 8/8 levels left

rFire   . . .      SeeInvis .    a - +0 war axe
rCold   . . .      Faith    .    c - +0 buckler
rNeg    . . .      Spirit   .    J - +0 plate armour
rPois   +          Reflect  .    (helmet restricted)
rElec   .          Harm     .    F - +0 cloak
rCorr   .          Rampage  .    x - +2 pair of gloves
Will    .....                    (no boots) Stlth
                                 (no amulet)
HPRegen 0.33/turn                q - ring of poison resistance
MPRegen 0.11/turn                D - +5 ring of evasion

@: no status effects
A: horns 2, retaliatory headbutt
a: Renounce Religion, Potion Petition, Call Merchant, Bribe Branch


You were on level 8 of the Dungeon.
You worshipped Gozag.
Gozag was pleased with you.
You visited 2 branches of the dungeon, and saw 9 of its levels.
You also visited: Ossuary.

You collected 629 gold pieces.
You paid 127 gold pieces to Gozag.

Inventory:

Hand Weapons
 a - a +0 war axe (weapon)
Missiles
 B - 2 throwing nets (quivered)
Armour
 c - a +0 buckler (worn)
 x - a +2 pair of gloves (worn)
 F - a +0 cloak (worn)
 J - a +0 plate armour (worn)
Jewellery
 q - a ring of poison resistance (left hand)
 D - a +5 ring of evasion (right hand)
 E - a +5 ring of evasion
Wands
 w - a wand of flame (10)
 C - a wand of polymorph (10)
Scrolls
 b - 2 scrolls of acquirement {unknown}
 g - a scroll of fog {unknown}
 h - 5 scrolls of vulnerability {unknown}
 i - 11 scrolls of identify {unknown}
 k - 2 scrolls of blinking {unknown}
 l - a scroll of magic mapping {unknown}
 n - 4 scrolls of teleportation {unknown}
 r - a scroll of silence {unknown}
 t - a scroll of torment {unknown}
 y - 3 scrolls of enchant weapon {unknown}
 z - 3 scrolls of poison {unknown}
 H - a scroll of fear {unknown}
 I - 2 scrolls of immolation {unknown}
Potions
 d - a potion of mutation {unknown}
 e - 2 potions of flight {unknown}
 f - 2 potions of invisibility {unknown}
 j - 4 potions of attraction {unknown}
 m - 2 potions of heal wounds
 o - 2 potions of degeneration {unknown}
 p - a potion of magic {unknown}
 s - 2 potions of cancellation {unknown}
 u - a potion of brilliance {unknown}
 v - 2 potions of resistance {unknown}
 A - a potion of lignification
 G - a potion of curing


   Skills:
 + Level 7.2 Fighting
 * Level 9.2 Axes
 * Level 9.6 Armour
 + Level 7.3 Shields


You had 8 spell levels left.
You didn't know any spells.
Your spell library contained the following spells:

 Spells                   Type           Power      Damage    Failure   Level
 Shock                    Conj/Air       0%         1d3       100%        1
 Ensorcelled Hibernation  Hex/Ice        0%         N/A       100%        2
 Passwall                 Tmut/Erth      0%         N/A       100%        2
 Static Discharge         Conj/Air       0%         2-2/arc   100%        2
 Ozocubu's Armour         Ice            0%         N/A       100%        3
 Spider Form              Tmut/Pois      0%         N/A       100%        3
 Swiftness                Air            0%         N/A       100%        3
 Vhi's Electric Charge    Tloc/Air       0%         N/A       100%        3
 Airstrike                Air            0%         2d(0-16)  100%        4
 Anguish                  Hex/Necr       0%         N/A       100%        4
 Arcjolt                  Conj/Air       0%         1d10      100%        5
 Lightning Bolt           Conj/Air       0%         1d11      100%        5
 Metabolic Englaciation   Hex/Ice        0%         N/A       100%        5
 Simulacrum               Ice/Necr       Unusable   N/A       N/A         6

Dungeon Overview and Level Annotations

Branches:
Dungeon (8/15)             Temple (1/1) D:4         Ossuary (visited)
   Lair: D:8-11

Altars:
Ashenzari
Cheibriados
Dithmenos
Elyvilon
Fedhas
Gozag
Hepliaklqana
Kikubaaqudgha
Makhleb
Nemelex Xobeh
Okawaru
Qazlal
Ru
Sif Muna
Trog
Uskayaw
Vehumet
Wu Jian
Xom
Yredelemnul
Zin
The Shining One

Shops:
D:2 *![:   D:4 [

Annotations:
D:8 1 runed translucent door, Erica; spyp's ghost, novice SpCj


Innate Abilities, Weirdness & Mutations

You have a pair of horns on your head.
You reflexively headbutt those who attack you in melee.


Message History

The lance of force hits you!!
You hit Erica.
Erica is lightly wounded.
Erica casts a spell.
Erica flickers and vanishes!
Deactivating autopickup; reactivate with Ctrl-A.
You closely miss something.
You hear some strange, mumbled words.
A lance of force appears from out of thin air!
The lance of force hits you but does no damage.
You miss something. Something hits you but does no damage.
You slash something! Something hits you. Something burns you.
You slash something! Something hits you but does no damage.
You miss something. Something barely misses you.
You miss something.
You hear some strange, mumbled words.
Something tries to affect you, but you resist.
You slash something! Something hits you! Something burns you.
You closely miss something. Something hits you! Something burns you.
You barely miss something. Your headbutt misses something. Something hits you.
Something burns you.
You slash something! Something hits you!
* * * LOW HITPOINT WARNING * * *
Something burns you.
* * * LOW HITPOINT WARNING * * *
You slash something! You headbutt something. Something barely misses you.
Something hits you!
* * * LOW HITPOINT WARNING * * *
Something burns you.
* * * LOW HITPOINT WARNING * * *
You closely miss something.
You hear some strange, mumbled words.
Something tries to affect you, but you resist.
You slash something! Your headbutt misses something.
Something barely misses you.
You miss something. Your headbutt misses something.
You block something's attack.
You miss something. Something hits you!
You die...
Your body crumbles into a pile of gold.

###.......).....#
................##
##...............#
#...............##
#................#
#.................#
$
#.................#
##................#
###............@##
###.....<...{..# ♣♣
###.....#.... .♣♣
########..## ♣P.
#.# ..♣♣ #.# i.P♣
.# hi$♣♣ . ###.♣


There were no monsters in sight!

Vanquished Creatures
  Sigmund (D:5)
  Edmund (D:5)
  Menkaure (Ossuary)
  A water moccasin (D:6)
  An orc warrior (D:7)
  A black bear (D:8)
  An ogre (D:5)
  2 sky beasts
  A kobold brigand (D:7)
  2 bullfrogs
  2 gnoll sergeants
  A necrophage (D:8)
  2 scorpions
  4 killer bees (D:8)
  2 howler monkeys
  4 hounds
  A jelly (D:5)
  5 orc priests
  2 gnoll boudas
  Crazy Yiuf (D:5)
  4 iguanas
  3 orc wizards
  Terence (D:3)
  3 mummies (Ossuary)
  12 gnolls
  8 adders
  3 shadow imps
  A white imp (D:7)
  An ufetubus (D:5)
  25 orcs
  9 ball pythons
  4 bats
  3 endoplasms
  4 giant cockroaches
  6 gnoll zombies (Ossuary)
  8 goblins
  4 hobgoblins
  A quokka (D:1)
  3 frilled lizards
  3 gnoll skeletons (Ossuary)
  4 goblin skeletons (Ossuary)
  3 goblin zombies (Ossuary)
  8 hobgoblin skeletons (Ossuary)
  A hobgoblin zombie (Ossuary)
  15 kobolds
  2 kobold skeletons (Ossuary)
  6 kobold zombies (Ossuary)
  5 orc skeletons (Ossuary)
  5 orc zombies (Ossuary)
  4 rats
  3 rat skeletons (Ossuary)
  4 rat zombies (Ossuary)
  A bush (D:5)
203 creatures vanquished.

Vanquished Creatures (others)
  5 fungi
  12 plants
17 creatures vanquished.

Grand Total: 220 creatures vanquished

Notes
Turn   | Place    | Note
-------+----------+-------------------------------------------
     0 | D:1      | Citaku the Minotaur Fighter began the quest for the Orb.
     0 | D:1      | Reached XP level 1. HP: 19/19 MP: 0/0
   212 | D:1      | Reached XP level 2. HP: 25/27 MP: 1/1
   482 | D:1      | Found a faded altar of an unknown god.
  1062 | D:2      | Found Body's General Store.
  1081 | D:2      | Reached XP level 3. HP: 33/33 MP: 2/2
  1182 | D:2      | Found Fecilus's Antique Armour Boutique.
  1190 | D:2      | Found Xuadubag's Book Shop.
  1386 | D:2      | Found Zoteunepp's Distillery.
  1569 | D:3      | Reached XP level 4. HP: 37/40 MP: 3/3
  2184 | D:3      | Noticed Terence
  2189 | D:3      | Killed Terence
  2361 | D:3      | Reached XP level 5. HP: 46/46 MP: 4/4
  2368 | D:3      | Identified the +1 leather armour of Deav {rElec Regen+
                  | Dex+3}
  2896 | D:4      | Found a sand-covered staircase.
  2908 | Ossuary  | Entered an ossuary
  2915 | Ossuary  | Reached skill level 5 in Armour
  3225 | Ossuary  | Noticed Menkaure
  3236 | Ossuary  | Killed Menkaure
  3237 | Ossuary  | Reached XP level 6. HP: 9/53 MP: 5/5
  3243 | Ossuary  | Reached skill level 5 in Axes
  3472 | D:4      | Found Setyss's Antique Armour Boutique.
  3483 | D:4      | Reached skill level 5 in Shields
  3495 | D:4      | Reached skill level 5 in Fighting
  3643 | D:4      | Found a staircase to the Ecumenical Temple.
  3670 | Temple   | Entered the Ecumenical Temple
  3978 | D:4      | Identified the +0 robe of Daisies {rF+ Str-5 Dex+4}
  4066 | D:5      | Entered Level 5 of the Dungeon
  4071 | D:5      | Found a hide-covered altar of Uskayaw.
  4120 | D:4      | Reached XP level 7. HP: 43/61 MP: 6/6
  4342 | D:5      | Noticed Edmund
  4360 | D:5      | Killed Edmund
  4580 | D:5      | Found an ornate altar of the Wu Jian Council.
  4590 | D:5      | Noticed Sigmund
  4622 | D:5      | Killed Sigmund
  4623 | D:5      | Reached XP level 8. HP: 70/70 MP: 7/7
  5112 | D:5      | Found a runed translucent door.
  5113 | D:5      | Noticed Crazy Yiuf
  5120 | D:5      | Killed Crazy Yiuf
  5476 | D:6      | You fall into a shaft and drop 1 floor!
  6682 | D:7      | Found a bloodstained altar of Trog.
  6685 | D:7      | Found an opulent altar of Gozag.
  6685 | D:7      | Found an ancient bone altar of Kikubaaqudgha.
  6687 | D:7      | Found a shadowy altar of Dithmenos.
  6687 | D:7      | Found a snail-covered altar of Cheibriados.
  6712 | D:7      | Became a worshipper of Gozag Ym Sagoz the Greedy
  6897 | D:7      | Reached XP level 9. HP: 67/78 MP: 8/8
  7641 | D:7      | Found a sacrificial altar of Ru.
  7912 | D:8      | Found a runed translucent door.
  7915 | D:8      | Noticed spyp's ghost (novice SpCj)
  7918 | D:8      | Identified the +8 trident of Seer {chaos, rElec rF+}
  8088 | D:8      | Noticed Erica
  8113 | D:8      | Slain by Erica

Illustrated notes

Levels and vault maps discovered:
D:1:      minmay_arrival_arboretum_small, layout_basic,
          nicolae_ecumenical_snake_handling, minmay_tripent
D:2:      cheibrodos_old_hovel, layout_rooms, serial_glass, glass_columns_a,
          glass_columns_c, serial_shops, shop, nicolae_shop_advertising_works
          [nicolae_subvault_shop_adworks],
          nicolae_shop_temple_entry_statues_fountains, shop_fountains
D:3:      layout_loops_ring, nicolae_hexahallways, grunt_decor_cap,
          minmay_goblin_kobold_house, uniq_terence
D:4:      layout_loops_ring, minmay_temple_entry_gardened_gates, serial_shops,
          kennysheep_mini_moat, nicolae_ossuary_entry_monument
D:5:      layout_loops_ring, mainiacjoe_overflow_brackets,
          nicolae_uskayaw_murder_on_the_dancefloor, uniq_edmund,
          uniq_crazy_yiuf_cottage, uniq_sigmund
D:6:      layout_layer_cave
D:7:      layout_basic, grunt_temple_overflow_open,
          nicolae_ru_the_path_less_chosen, enter_bailey_2,
          kennysheep_generic_room_3, uniq_menkaure
D:8:      layout_cave_pods, ebering_ghost_funeral_grove, uniq_erica
Temple:   eino_narrow_crystal_temple

Skill      XL: |  1  2  3  4  5  6  7  8  9 |
---------------+----------------------------+-----
Armour         | 4 5 6 7 8 9 |  9.6
Axes           | 3 4 5 6 8 9 |  9.2
Shields        | 4 5 6 7 |  7.3
Fighting       | 4 5 6 7 |  7.2

Action                   |  1- 3 |  4- 6 |  7- 9 || total
-------------------------+-------+-------+-------++-------
Melee: War axe           |    76 |   149 |   282 ||   507
       Headbutt          |    13 |    23 |    61 ||    97
       Unarmed           |       |       |     8 ||     8
  Use: Potion            |       |     1 |     3 ||     4
 Stab: Distracted        |       |       |     2 ||     2
Armor: Scale mail        |    38 |    76 |    45 ||   159
       Plate armour      |       |       |    88 ||    88
Dodge: Dodged            |    48 |    79 |   141 ||   268
Block: Buckler           |    15 |    40 |    58 ||   113

Table legend: (Time is in decaauts)
 A = Elapsed time spent in this place.
 B = Non-inter-level travel time spent in this place.
 C = Inter-level travel time spent in this place.
 D = Time resting spent in this place.
 E = Time spent auto-exploring this place.
 F = Levels seen in this place.
 G = Mean time per level.
                   A        B        C        D        E       F      G
               +--------+--------+--------+--------+--------+-----+--------+
         Total |   8232 |   8015 |    217 |    167 |   5831 |  10 |  823.2 |
       Dungeon |   7439 |   7222 |    217 |    135 |   5515 |   8 |  929.9 |
        Temple |    219 |    219 |      0 |      0 |    169 |   1 |  219.0 |
       Ossuary |    572 |    572 |      0 |     32 |    147 |   1 |  572.0 |
               +--------+--------+--------+--------+--------+-----+--------+

Top non-repeatable levels by time:
     D:7: 1446 daAuts
     D:6: 1212 daAuts
     D:5: 1070 daAuts
     D:1: 1059 daAuts
     D:3: 994 daAuts
     D:4: 884 daAuts
 Ossuary: 572 daAuts
     D:2: 504 daAuts
     D:8: 267 daAuts
  Temple: 219 daAuts
